 Dungeon Crawl Stone Soup version 0.30-a0-691-g754fce4c43 (webtiles) character file.

Game seed: 16342857425164702668

408 CrazyBamboolord the Insei (level 6, -5/41 HPs)
             Began as an Octopode Transmuter on Jan 19, 2023.
             Slain by a gnoll
             ... wielding a +0 spear
              (7 damage)
             ... on level 4 of the Dungeon.
             The game lasted 00:05:07 (2202 turns).

CrazyBamboolord the Insei (Octopode Transmuter)     Turns: 2202, Time: 00:05:07

Health: -5/41      AC:  1    Str:  9    XL:     6   Next: 88%
Magic:  8/11       EV: 13    Int: 17    God:
Gold:   170        SH:  0    Dex: 13    Spells: 5/11 levels left

rFire   . . .      SeeInvis .      - Unarmed
rCold   . . .      Faith    .    (no shield)
rNeg    . . .      Spirit   .    (helmet currently unavailable)
rPois   .          Reflect  .    (no amulet)
rElec   .          Harm     .    (no ring)
rCorr   .          Rampage  .    (no ring)
Will    .....                    (no ring)
Stlth   +++                      (no ring)
HPRegen 0.26/turn                (no ring)
MPRegen 0.12/turn                (no ring)
                                 (no ring)
                                 (no ring)

@: appendages, wereblooded
A: tentacle spike 3, almost no armour, amphibious, 8 rings, camouflage 1,
gelatinous body 1, (nimble swimmer 1), tentacles
a: End Transformation


You were on level 4 of the Dungeon.
One of your tentacles had grown a beastly spike.
You visited 1 branch of the dungeon, and saw 3 of its levels.

You collected 170 gold pieces.

Inventory:

Missiles
 l - a throwing net
Wands
 j - a wand of polymorph (7)
Scrolls
 f - a scroll of enchant armour
 i - a scroll of acquirement {unknown}
Potions
 a - a potion of lignification
 b - a potion of flight
 e - a potion of mutation {unknown}
 g - a potion of degeneration {unknown}
 k - a potion of ambrosia


   Skills:
 * Level 2.4 Fighting
 * Level 2.7 Dodging
 + Level 2.0 Stealth
 * Level 4.2 Unarmed Combat
 * Level 3.3 Spellcasting
 * Level 3.6 Transmutations
 * Level 2.2 Poison Magic


You had 5 spell levels left.
You knew the following spells:

 Your Spells              Type           Power      Damage    Failure   Level
a - Beastly Appendage     Tmut           30%        N/A       3%          1
b - Wereblood             Tmut           15%        N/A       5%          2
c - Spider Form           Tmut/Pois      12%        N/A       16%         3

Your spell library contained the following spells:

 Spells                   Type           Power      Damage    Failure   Level
 Foxfire                  Conj/Fire      8%         2x1d4     17%         1
 Ice Form                 Ice/Tmut       9%         N/A       61%         4
 Fireball                 Conj/Fire      1%         3d3       99%         5
 Starburst                Conj/Fire      1%         6d3       100%        6


Dungeon Overview and Level Annotations

Branches:
Dungeon (2/15)

Altars:
Kikubaaqudgha
Makhleb
Sif Muna

Shops:
D:2 =


Innate Abilities, Weirdness & Mutations

One of your tentacles has grown a beastly spike.
You cannot wear most types of armour.
You are amphibious.
You can wear up to eight rings at the same time.
Your skin changes colour to match your surroundings (Stealth+).
Your rubbery body absorbs attacks. (AC +1, EV +1)
((You are camouflaged when in or above water. (Stealth+)))
You have tentacles for arms and can constrict up to eight enemies at once.


Message History

The air fills with toxic fumes!
As you read the scroll labelled DEIFIZ MODGH, it crumbles to dust.
It was a scroll of poison.
The gnoll closely misses you. The gnoll barely misses you.
Casting: Wereblood (safe; 5% risk of failure)
Confirm with . or Enter, or press ? or * to list all spells.
Your blood is infused with primal strength.
The gnoll hits you from afar with a +0 spear.
The gnoll hits you with a +0 spear!
You feel much better.
The gnoll hits you from afar with a +0 spear.
The gnoll barely misses you.
Casting: Wereblood (safe; 5% risk of failure)
Confirm with . or Enter, or press ? or * to list all spells.
One of your tentacles grows a vicious spike.
The gnoll hits you from afar with a +0 spear!
The gnoll barely misses you.
You closely miss the gnoll. You grab the gnoll.
You pierce the gnoll, but do no damage.
You squeeze the gnoll, but do no damage.
You constrict the gnoll, but do no damage.
The gnoll hits you from afar with a +0 spear.
The gnoll closely misses you.
You tentacle-slap the gnoll.
The gnoll is lightly wounded.
You constrict the gnoll, but do no damage.
The gnoll barely misses you. The gnoll hits you with a +0 spear!
You are too injured to fight recklessly!
You tentacle-slap the gnoll but do no damage.
The gnoll is lightly wounded.
You constrict the gnoll. The gnoll misses you.
The gnoll hits you with a +0 spear!
* * * LOW HITPOINT WARNING * * *
You tentacle-slap the gnoll.
The gnoll is moderately wounded.
You constrict the gnoll.
The gnoll hits you from afar with a +0 spear.
* * * LOW HITPOINT WARNING * * *
The gnoll hits you with a +0 spear!
You die...

#.........#
.##..
#.........# #.
#.. #...(.....#.
. .##
#...........##
.# #.##
#.........###
#... #.........#
####
#....)...###
#.......##§## #
##.######@☼§# #
##.# ####g#### #
#..####.#.g☼#.##
#
#.#.g.g.g.8§☼§_#
#
#.#..##.#.§§#§##
##
#.#>..####○####
#. #.#....##.§§#
####)
#.#.....##☼##
#).).
#.#......####
#.###


You could see 2 gnolls.

Vanquished Creatures
  Sigmund (D:2)
  A necrophage (D:4)
  A hound (D:4)
  An orc wizard (D:4)
  An iguana (D:4)
  4 gnolls (D:4)
  An adder (D:2)
  A worm (D:4)
  A dart slug (D:1)
  3 orcs (D:4)
  An endoplasm (D:2)
  4 giant cockroaches
  7 goblins
  4 hobgoblins
  8 jackals (D:1)
  3 kobolds
  2 quokkas (D:2)
  4 ball pythons
  3 bats (D:1)
  2 frilled lizards (D:1)
  3 rats
56 creatures vanquished.

Notes
Turn   | Place    | Note
-------+----------+-------------------------------------------
     0 | D:1      | CrazyBamboolord the Octopode Transmuter began the quest for
                  | the Orb.
     0 | D:1      | Reached XP level 1. HP: 13/13 MP: 3/3
   167 | D:1      | Reached XP level 2. HP: 18/18 MP: 3/5
   307 | D:1      | Learned a level 2 spell: Wereblood
   544 | D:1      | Reached XP level 3. HP: 19/23 MP: 4/6
   946 | D:1      | Found a faded altar of an unknown god.
  1287 | D:2      | Noticed Sigmund
  1299 | D:2      | Killed Sigmund
  1300 | D:2      | Reached skill level 1 in Stealth
  1300 | D:2      | Reached skill level 1 in Poison Magic
  1300 | D:2      | Reached XP level 4. HP: 25/29 MP: 4/8
  1300 | D:2      | Reached XP level 5. HP: 29/34 MP: 4/9
  1305 | D:2      | Found Xozepp's Jewellery Emporium.
  1311 | D:2      | Learned a level 3 spell: Spider Form
  1373 | D:2      | Identified the +1 chain mail "Caygaufy" {rF+ Dex+4}
  1502 | D:2      | You fall into a shaft and drop 2 floors!
  1520 | D:4      | Reached XP level 6. HP: 39/39 MP: 10/10
  1660 | D:4      | Reached skill level 4 in Unarmed Combat
  1813 | D:4      | Found a shimmering blue altar of Sif Muna.
  1815 | D:4      | Found an ancient bone altar of Kikubaaqudgha.
  1824 | D:4      | Found a burning altar of Makhleb.
  2202 | D:4      | HP: 2/41 [gnoll/+0 spear (6)]
  2202 | D:4      | Slain by a gnoll

Illustrated notes

Levels and vault maps discovered:
D:1:      dpeg_arrival_stone_temple_mockup, layout_loops_ring,
          basic_ecumenical_altar, minmay_misc_feat_alley
D:2:      layout_basic, serial_shops, nicolae_shop_statue_plus, uniq_sigmund
D:4:      layout_rooms, grunt_temple_overflow_diamond

Skill      XL: |  1  2  3  4  5  6 |
---------------+-------------------+-----
Fighting       | 2 |  2.4
Stealth        | 1 2 |  2.0
Transmutations | 3 |  3.6
Poison Magic   | 1 2 |  2.2
Spellcasting   | 3 |  3.3
Unarmed Combat | 4 |  4.2
Dodging        | |  2.7

Action                   |  1- 3 |  4- 6 || total
-------------------------+-------+-------++-------
Melee: Unarmed           |    82 |    60 ||   142
       Constrict         |    23 |    17 ||    40
       Kick              |    23 |    25 ||    48
       Tentacles         |    16 |    16 ||    32
       Punch             |     1 |       ||     1
 Cast: Beastly Appendage |    26 |    12 ||    38
       Wereblood         |     3 |     5 ||     8
  Use: Potion            |     1 |     2 ||     3
       Scroll            |       |     6 ||     6
 Stab: Sleeping          |     6 |     3 ||     9
Armor: Skin              |     8 |     3 ||    11
Dodge: Dodged            |    51 |    37 ||    88

Table legend: (Time is in decaauts)
 A = Elapsed time spent in this place.
 B = Non-inter-level travel time spent in this place.
 C = Inter-level travel time spent in this place.
 D = Time resting spent in this place.
 E = Time spent auto-exploring this place.
 F = Levels seen in this place.
 G = Mean time per level.
                   A        B        C        D        E       F      G
               +--------+--------+--------+--------+--------+-----+--------+
         Total |   2193 |   2152 |     41 |    124 |   1550 |   3 |  731.0 |
       Dungeon |   2193 |   2152 |     41 |    124 |   1550 |   3 |  731.0 |
               +--------+--------+--------+--------+--------+-----+--------+

Top non-repeatable levels by time:
     D:1: 994 daAuts
     D:4: 696 daAuts
     D:2: 502 daAuts
